AoeStats
← スカムバッグ

Nomad

507474496Analyzed
4v4 RM · 14d ago on Sep 18, 2026· 35m 37s· 8 players
Game mode
Random Map
Map size
231×231
Population
200
Speed
Normal
Resources
Standard
Victory
Conquest
Starting age
Dark Age
Ending age
Imperial Age
RankedLock teamsTeams togetherTeam positionsShared explorationLock speedFull tech treeHidden civsTurbo modeCheats
Victory
Defeat
🇪🇸 Burgundians · Spain
1037
+15
🇻🇳 Huns · Vietnam
978
+17
🇨🇳 Goths · China
934
+20
🇵🇹 Vikings · Portugal
930
+19
🇬🇧 Inca · United Kingdom
1032
-18
🇸🇰 Ethiopians · Slovakia
1015
-18
🇨🇿 Vietnamese · Czechia
1014
-18
🇳🇱 Romans · Netherlands
978
-17
NewTrinity78
3:47 Loom
14:30 Feudal Age
16:14 Man-at-Arms
21:35 Castle Age
22:29 Long Swordsman
30:15 Pikeman
Aballion
8:12 Loom
14:28 Feudal Age
16:32 Fletching
17:45 Padded Archer Armor
17:59 Double-Bit Axe
25:16 Castle Age
25:29 Crossbowman
26:14 Thumb Ring
28:24 Bodkin Arrow
28:45 Horse Collar
29:29 Bow Saw
32:54 Horse Collar
スカムバッグ
14:22 Feudal Age
19:27 Castle Age
18:24 Double-Bit Axe
31:57 Fletching
33:59 Bodkin Arrow
TheTitanicSwimTeam
9:20 Loom
16:29 Feudal Age
17:29 Double-Bit Axe
17:49 Fishing Lines
22:57 Castle Age
22:36 Scale Mail Armor
22:29 Gold Mining
23:10 Town Watch
22:55 Champi Runner
24:12 Gillnets
24:45 Bow Saw
25:10 Gold Shaft Mining
24:02 Champi Warrior
26:08 Squires
26:17 Fletching
27:36 Arson
27:45 Pikeman
29:14 Horse Collar
31:02 Heavy Plow
33:43 Wheelbarrow
34:59 Chain Mail Armor
34:55 Forging
35:09 Bodkin Arrow
PILLOSAURIO
6:53 Loom
10:25 Fishing Lines
12:25 Double-Bit Axe
15:21 Feudal Age
16:36 Bow Saw
16:39 Gillnets
19:28 Castle Age
20:21 Stone Mining
22:51 Two-Man Saw
22:36 Stone Shaft Mining
23:50 Scale Barding Armor
23:53 Gold Mining
24:46 Fletching
25:10 Husbandry
25:13 Town Watch
28:47 Forging
30:43 Wheelbarrow
31:01 Cavalier
31:51 Bodkin Arrow
33:34 Chain Barding Armor
37:34 Imperial Age
434529096
3:23 Loom
15:32 Feudal Age
16:25 Double-Bit Axe
19:19 Wheelbarrow
18:45 Stone Mining
18:42 Horse Collar
21:49 Castle Age
20:35 Gold Mining
23:29 Hand Cart
25:34 Stone Shaft Mining
25:47 Town Watch
30:18 Murder Holes
33:07 Masonry
34:14 Fletching
SOUL 360
11:22 Loom
15:31 Feudal Age
20:08 Castle Age
18:31 Scale Barding Armor
18:36 Forging
18:36 Horse Collar
19:20 Double-Bit Axe
21:29 Chain Barding Armor
25:36 Husbandry
26:08 Bloodlines
28:54 Wheelbarrow
29:03 Iron Casting
33:07 Hand Cart
32:37 Town Watch
34:22 Gold Mining
34:22 Town Watch
Exteme77
3:24 Loom
15:45 Feudal Age
21:14 Castle Age
19:50 Forging
24:41 Fletching
25:25 Double-Bit Axe
26:39 Bow Saw
38:31 Imperial Age
Connection lost

Rejoining the realm…

Still unreachable

The connection could not be restored.

Session expired

The server has moved on; the page needs a fresh start.